 Dungeon Crawl Stone Soup version 0.19.1 (webtiles) character file.

75 kae the Shield-Bearer (level 4, -3/37 HPs)
             Began as a Formicid Fighter on Dec 26, 2016.
             Killed by nerve-wracking pain
             ... invoked by an orc priest
              (6 damage)
             ... on level 3 of the Dungeon.
             The game lasted 00:02:13 (1588 turns).

kae the Shield-Bearer (Formicid Fighter)            Turns: 1588, Time: 00:02:14

Health: -3/37      AC:  8    Str: 21    XL:     4   Next: 55%
Magic:  4/4        EV:  8    Int:  8    God:
Gold:   117        SH:  9    Dex: 10    Spells: 0 memorised, 3 levels left

rFire  . . .     SeeInvis +     a - +0 long sword
rCold  . . .     Gourm    .     b - +0 scale mail
rNeg   . . .     Faith    .     c - +0 shield
rPois  .         Spirit   .     (helmet unavailable)
rElec  .         Reflect  .     (no cloak)
rCorr  .         Harm     .     (no gloves)
MR     .....                    m - +0 pair of boots
Stlth  ..........               (no amulet)
                                (no ring)
                                (no ring)

@: flying
A: permanent stasis, dig shafts and tunnels, four strong arms, antennae 3
a: Dig, Shaft Self


You were on level 3 of the Dungeon.
You were not hungry.

You visited 1 branch of the dungeon, and saw 3 of its levels.

You collected 117 gold pieces.

Inventory:

Hand Weapons
 a - a +0 long sword (weapon)
Armour
 b - a +0 scale mail (worn)
 c - a +0 shield (worn)
 m - a +0 pair of boots (worn)
Jewellery
 l - a +6 ring of strength {unknown}
Scrolls
 h - a scroll of identify
 o - a scroll of amnesia
Potions
 d - a potion of might
 e - a potion of lignification
 r - a potion of resistance
Comestibles
 f - 3 bread rations
 g - 3 fruits
 i - 5 chunks of flesh
 j - a beef jerky
 k - 2 meat rations


   Skills:
 + Level 4.0 Fighting
 * Level 3.0 Long Blades
 + Level 3.7 Armour
 + Level 4.3 Shields


You had 3 spell levels left.
You didn't know any spells.

Dungeon Overview and Level Annotations

Branches:
Dungeon (3/15)

Altars:
Trog


Innate Abilities, Weirdness & Mutations

You are under a permanent stasis effect.
You can dig through walls and to a lower floor.
Your four strong arms can wield two-handed weapons with a shield.
You have a pair of large antennae on your head. (SInv)


Message History

The orc priest is moderately wounded.
The orc priest hits you but does no damage.
You barely miss the orc priest.
The orc priest is moderately wounded.
The orc priest invokes the aid of Beogh against you.
Beogh smites you!
* * * LOW HITPOINT WARNING * * *
You barely miss the orc priest.
The orc priest is moderately wounded.
The orc priest casts a cantrip, but nothing happens.
You block the orc priest's attack.
You hit the orc priest.
The orc priest is heavily wounded.
You block the orc priest's attack.
It was a potion of flight.
You feel very buoyant.
You fly up into the air.
The orc priest calls down the wrath of Beogh upon you.
Pain shoots through your body!
You die...

. ..#.>. .. ....# { ..
{o..# { .. ... #.{#.##
#.##..#..# ._....).†####
#.#..##.(##o##
........{.(#@# #######
#.##....o#(### #.†...#
####..#.# #.##.## #.
###.##.# #.##.#
......##.############.##.#
##.##........).........##.#
...#..####.#############.#
#.#.......#.#....######.#
#.....###.#.#.##.##.....#


You could see an orc priest.

Vanquished Creatures
  2 adders (D:2)
  3 leopard geckos
  6 orcs (D:3)
  A ball python (D:1)
  7 bats
  2 giant cockroaches
  9 goblins
  3 hobgoblins (D:1)
  4 kobolds
  6 frilled lizards
  4 rats
47 creatures vanquished.

Notes
Turn   | Place    | Note
-------+----------+-------------------------------------------
     0 | D:1      | kae the Formicid Fighter began the quest for the Orb.
     0 | D:1      | Reached XP level 1. HP: 18/18 MP: 1/1
   172 | D:1      | Reached XP level 2. HP: 23/24 MP: 2/2
   834 | D:2      | Reached XP level 3. HP: 27/29 MP: 3/3
  1153 | D:2      | Reached XP level 4. HP: 28/37 MP: 4/4
  1497 | D:3      | Found a bloodstained altar of Trog.
  1588 | D:3      | Killed from afar by an orc priest

Skill      XL: |  1  2  3  4 |
---------------+-------------+-----
Shields        | 4 |  4.3
Fighting       | 4 |  4.0
Long Blades    | 3 |  3.0
Armour         | |  3.7

Action                   |  1- 3 |  4- 6 || total
-------------------------+-------+-------++-------
Melee: Long sword        |   124 |    52 ||   176
 Abil: Dig               |     1 |     1 ||     2
  Use: Scroll            |       |     6 ||     6
       Potion            |       |     1 ||     1
  Eat: Chunk             |     1 |     2 ||     3
Armor: Scale mail        |    53 |    22 ||    75
Dodge: Dodged            |    36 |    13 ||    49
Block: Shield            |    64 |    35 ||    99
       Rpst.: Long sword |    11 |     4 ||    15
